AoeStats
← limu1168

Arena

508643793Analyzed
1v1 RM · 8d ago on Sep 23, 2026· 36m 27s· 2 players
Game mode
Random Map
Map size
Tiny (2 player)
Population
200
Speed
Normal
Resources
Standard
Victory
Conquest
Starting age
Dark Age
Ending age
Imperial Age
RankedLock teamsTeams togetherTeam positionsShared explorationLock speedFull tech treeHidden civsTurbo modeCheats
Victory
Defeat
🇨🇳 Mongols · China
246
+21
🇮🇳 Teutons · India
356
-21
limu1168
11:34 Feudal Age
19:15 Castle Age
21:17 Wheelbarrow
28:34 Hand Cart
34:07 Imperial Age
BEGINER_aoe2
6:09 Loom
10:41 Feudal Age
8:57 Loom
18:28 Castle Age
16:56 Horse Collar
20:51 Fervor
21:57 Double-Bit Axe
24:15 Pikeman
24:58 Squires
26:45 Sanctity
26:58 Heavy Plow
27:57 Stone Mining
27:58 Gold Mining
30:42 Fortified Wall
30:53 Ballistics
33:31 Imperial Age
32:48 Wheelbarrow
32:00 Town Watch
32:30 Bow Saw
34:32 Stone Shaft Mining
34:57 Conscription
35:14 Hand Cart
35:22 Town Patrol
36:56 Chemistry
36:07 Masonry
36:05 Elite Skirmisher
Connection lost

Rejoining the realm…

Still unreachable

The connection could not be restored.

Session expired

The server has moved on; the page needs a fresh start.